 Dungeon Crawl Stone Soup version 0.28-a0-823-gb444dcf96d (webtiles) character file.

Game seed: 961760619103381451

0 meatgazer the Skirmisher (level 1, -7/18 HPs)
             Began as a Demonspawn Abyssal Knight on Nov 9, 2021.
             Was a Follower of Lugonu.
             Killed from afar by a raiju (22 damage)
             ... with a living lightning
             ... on level 3 of the Abyss.
             The game lasted 00:00:42 (145 turns).

meatgazer the Skirmisher (Demonspawn Abyssal Knight) Turns: 145, Time: 00:00:43

Health: -7/18      AC:  3    Str: 13      XL:     1   Next: 0%
Magic:  2/2        EV: 11    Int: 10 (11) God:    Lugonu [*.....]
Gold:   58         SH:  0    Dex:  9      Spells: 0/0 levels left

rFire   . . .      SeeInvis .   a - +1 hand axe
rCold   . . .      Faith    .   (no shield)
rNeg    . . .      Spirit   .   b - +0 leather armour
rPois   .          Reflect  .   (no helmet)
rElec   .          Harm     .   (no cloak)
rCorr   .          Rampage  .   (no gloves)
Will    .....      Rage     9%  (no boots)
Stlth   +.........              (no amulet)
HPRegen 0.00/turn               (no ring)
MPRegen 0.08/turn               (no ring)

@: about to teleport, inhibited regen, invisible
A: [berserk 3], [clumsy 2], [deterioration 2], [inhibited regeneration], [no
potion heal 2]
a: Renounce Religion, Depart the Abyss


You were on level 3 of the Abyss.
You worshipped Lugonu.
Lugonu was aware of your devotion.
You visited 0 branches of the dungeon, and saw 0 of its levels.
You visited the Abyss 1 time.

You collected 58 gold pieces.

Inventory:

Hand Weapons
 a - a +1 hand axe (weapon)
Armour
 b - a +0 leather armour (worn)


   Skills:
 + Level 3.0 Fighting
 + Level 1.7 Axes
 + Level 1.7 Armour
 + Level 0.8 Dodging
 + Level 2.4 Invocations


You couldn't memorise any spells.
You didn't know any spells.
Your spell library contained the following spells:

 Spells                   Type           Power      Damage    Failure   Level
 Corpse Rot               Necr/Air       0%         N/A       58%         2
 Dispel Undead            Necr           0%         3d6       99%         4
 Death Channel            Necr           0%         N/A       100%        6


Dungeon Overview and Level Annotations

Branches:
Dungeon (0/15)

Altars:


Innate Abilities, Weirdness & Mutations

[You have an uncontrollable temper.]
[You are very clumsy. (Dex -4)]
[Your body often deteriorates upon taking damage.]
[You do not regenerate when monsters are visible.]
[Potions cannot restore your health.]


Message History

The raiju barks!
A wretched star comes into view.
You see here a lumpy silvery potion.
c - a lumpy silvery potion The raiju barely misses you.
Found a scroll labelled SADUICVA RATIA.
A tentacled starspawn comes into view.
The wretched star pulses with an eldritch light!
You feel extremely angry at everything!
Your system partially rejects the healing effects of potions.
Your system completely rejects the healing effects of potions.
The raiju bursts into living lightning!
The living lightning misses you.
The raiju blinks! x2
A tentacle flies out from the starspawn's body!
A starspawn tentacle comes into view.
A tentacle flies out from the starspawn's body!
A starspawn tentacle comes into view.
The starspawn tentacle closely misses you.
You see here a scroll labelled SADUICVA RATIA.
d - a scroll labelled SADUICVA RATIA The raiju misses you.
The starspawn tentacle grabs you. The starspawn tentacle constricts you.
Your body deteriorates!
You feel dopey.
As you read the scroll labelled SADUICVA RATIA, it crumbles to dust.
You feel strangely unstable.
You feel the power of the Abyss delaying your translocation!
It was a scroll of teleportation.
The starspawn tentacle loses its grip on you.
The tentacle pulls you backwards! The raiju completely misses you.
The raiju bursts into living lightning!
The living lightning misses you.
The raiju blinks! x2
A tentacle flies out from the starspawn's body!
A starspawn tentacle comes into view.
An iron imp comes into view.
It was a potion of invisibility.
You fade into invisibility!
The raiju bursts into living lightning!
The living lightning hits you!!
Ouch! That really hurt!
You die...

##. #.. . ##
...§.§.###§§### ##..
#..##§§§.#
..###§.h@..#
..#..*.##..# . #
#.#§#......#
.#########.#.#.###..#
# #.#..#.##..§###..
## # #..#...X##.# #.#
.#.##.##...#5..# ...
.# ..#.....#.#.# .#.
... .#.#####...# #


You could see a tentacled starspawn, a wretched star, a raiju and an iron imp
(wandering).

Vanquished Creatures (others)
  4 starspawn tentacles (Abyss:3)
4 creatures vanquished.

Notes
Turn   | Place    | Note
-------+----------+-------------------------------------------
     0 | Abyss:1  | meatgazer the Demonspawn Abyssal Knight began the quest for
                  | the Orb.
     0 | Abyss:1  | Reached XP level 1. HP: 18/18 MP: 2/2
    25 | Abyss:1  | Found a corrupted altar of Lugonu.
    78 | Abyss:2  | Noticed a wretched star
   101 | Abyss:3  | Noticed a tentacled starspawn
   119 | Abyss:3  | Found a corrupted altar of Lugonu.
   128 | Abyss:3  | Noticed a raiju
   131 | Abyss:3  | Noticed a wretched star
   137 | Abyss:3  | Noticed a tentacled starspawn
   144 | Abyss:3  | Noticed an iron imp
   145 | Abyss:3  | Killed from afar by a raiju

Illustrated notes

Levels and vault maps discovered:
Abyss:3:  base: Temple, evilmike_abyss_exit_mutagenic

Action                   || total
-------------------------++-------
  Use: Scroll            ||     3
       Potion            ||     1
Dodge: Dodged            ||     6

Table legend: (Time is in decaauts)
 A = Elapsed time spent in this place.
 B = Non-inter-level travel time spent in this place.
 C = Inter-level travel time spent in this place.
 D = Time resting spent in this place.
 E = Time spent auto-exploring this place.
 F = Levels seen in this place.
 G = Mean time per level.
                   A        B        C        D        E       F      G
               +--------+--------+--------+--------+--------+-----+--------+
         Total |    144 |    144 |      0 |      0 |     79 |   3 |   48.0 |
         Abyss |    144 |    144 |      0 |      0 |     79 |   3 |   48.0 |
               +--------+--------+--------+--------+--------+-----+--------+

Top non-repeatable levels by time:
 Abyss:3: 59 daAuts
 Abyss:1: 59 daAuts
 Abyss:2: 25 daAuts
